 Dungeon Crawl Stone Soup version 0.25-a0-44-g29a1220a87 (webtiles) character file.

Game seed: 17760798001517631733, levelgen mode: deterministic

212 Iscandelvey the Vandal (level 5, 0/39 HPs)
             Began as a Demonspawn Arcane Marksman on Oct 23, 2019.
             Slain by Purgy (7 damage)
             ... on level 4 of the Dungeon.
             The game lasted 00:02:57 (2276 turns).

Iscandelvey the Vandal (Demonspawn Arcane Marksman) Turns: 2276, Time: 00:02:57

Health: 0/39       AC:  4    Str: 11    XL:     5   Next: 58%
Magic:  6/6        EV: 13    Int: 15    God:
Gold:   149        SH:  0    Dex: 13    Spells: 5/6 levels left

rFire    . . .     SeeInvis .   g - +1 hunting sling (freeze)
rCold    + . .     Gourm    .   (no shield)
rNeg     . . .     Faith    .   s - +2 animal skin
rPois    .         Spirit   .   (helmet restricted)
rElec    .         Reflect  .   (no cloak)
rCorr    .         Harm     .   (no gloves)
MR       .....                  (no boots)
Stlth    +.........             (no amulet)
HPRegen  0.13/turn              (no ring)
MPRegen  0.10/turn              (no ring)

@: no status effects
A: horns 1, cold resistance 1
a: no special abilities


You were on level 4 of the Dungeon.
You were hungry.

You visited 1 branch of the dungeon, and saw 4 of its levels.

You collected 149 gold pieces.

Inventory:

Hand Weapons
 a - a +0 hunting sling
 g - a +1 hunting sling of freezing (weapon)
 r - a +0 dagger of draining
Missiles
 d - 20 sling bullets (quivered)
 i - 5 boomerangs
 j - 57 stones
Armour
 e - a +0 robe
 s - a +2 animal skin (worn)
 t - a +0 helmet
Jewellery
 m - an uncursed amulet of harm {unknown}
 u - an uncursed amulet of guardian spirit {unknown}
Scrolls
 b - a scroll of magic mapping {unknown}
 c - 2 scrolls of immolation {unknown}
 h - 4 scrolls of identify {unknown}
 k - 3 scrolls of remove curse {unknown}
 l - a scroll of enchant armour {unknown}
 p - a scroll of teleportation {unknown}
 q - a scroll of enchant weapon {unknown}
Potions
 n - 2 potions of curing {unknown}
 o - 2 potions of cancellation {unknown}
 v - a potion of flight {unknown}
 w - a potion of agility {unknown}
 x - a potion of might {unknown}
Comestibles
 f - 3 rations


   Skills:
 + Level 2.3 Fighting
 + Level 4.2 Slings
 + Level 2.4 Dodging
 + Level 0.5 Stealth
 + Level 0.1 Unarmed Combat
 + Level 1.0 Spellcasting
 + Level 3.3 Hexes


You had 5 spell levels left.
You knew the following spells:

 Your Spells              Type           Power        Failure   Level  Hunger
a - Corona                Hex            ##.....      6%          1    ##.....

Your spell library contained the following spells:

 Spells                   Type           Power        Failure   Level  Hunger
 Slow                     Hex            ##......     10%         2    ###....
 Inner Flame              Hex/Fire       #.......     36%         3    ####...
 Portal Projectile        Hex/Tloc       #.....       36%         3    ####...
 Cause Fear               Hex            ##........   52%         4    #####..
 Leda's Liquefaction      Hex/Erth       #.........   77%         4    #####..


Dungeon Overview and Level Annotations

Branches:
Dungeon (4/15)
 Temple: D:4-7

Altars:
Ashenzari

Annotations:
D:4 Purgy


Innate Abilities, Weirdness & Mutations

You have a pair of small horns on your head.
Your flesh is cold resistant. (rC+)


Message History

The sling bullet freezes Purgy.
Purgy is severely wounded.
Purgy bites you but does no damage. Purgy claws you.
* * * LOW HITPOINT WARNING * * *
Purgy claws you but does no damage.
Firing (i - inventory. (/) - cycle)
d - 22 sling bullets (quivered)
Press: ? - help, Shift-Dir - straight line, f/p - Purgy
Aim: Purgy (severely wounded)
You shoot a sling bullet. The sling bullet closely misses Purgy.
Purgy barely misses you. Purgy closely misses you.
Purgy claws you but does no damage.
Firing (i - inventory. (/) - cycle)
d - 21 sling bullets (quivered)
Press: ? - help, Shift-Dir - straight line, f/p - Purgy
Aim: Purgy (severely wounded)
You shoot a sling bullet. The sling bullet hits Purgy.
The sling bullet freezes Purgy.
Purgy is severely wounded.
Purgy looks around nervously.
Purgy bites you!
You die...

.... ....
$....
.....
......
......###
........#
#(..(@#
(......T#
#$##....#
....((#
###...##
....
..(..
..((..


You could see Purgy.

Vanquished Creatures
  An orc priest (D:3)
  An orc wizard (D:3)
  A hound zombie (D:3)
  Robin (D:2)
  3 adders
  A worm (D:3)
  3 dart slugs
  4 leopard geckos
  7 orcs (D:3)
  3 ball pythons
  4 bats
  16 goblins
  10 hobgoblins
  10 jackals
  2 quokkas (D:3)
  7 kobolds
  5 rats
79 creatures vanquished.

Notes
Turn   | Place    | Note
-------+----------+-------------------------------------------
     0 | D:1      | Iscandelvey the Demonspawn Arcane Marksman began the quest
                  | for the Orb.
     0 | D:1      | Reached XP level 1. HP: 15/15 MP: 2/2
   291 | D:1      | Gained mutation: You have a pair of small horns on your
                  | head. [demonic ancestry]
   291 | D:1      | Reached XP level 2. HP: 20/21 MP: 3/3
   360 | D:1      | Reached skill level 2 in Slings
   741 | D:2      | Reached XP level 3. HP: 24/26 MP: 4/4
   934 | D:2      | Noticed Robin
   943 | D:2      | Reached skill level 3 in Slings
   945 | D:2      | Gained mutation: Your flesh is cold resistant. (rC+)
                  | [demonic ancestry]
   945 | D:2      | Reached XP level 4. HP: 26/33 MP: 5/5
   951 | D:2      | Killed Robin
  1302 | D:2      | Found a shattered altar of Ashenzari.
  1734 | D:3      | Reached XP level 5. HP: 28/38 MP: 6/6
  1782 | D:3      | Reached skill level 4 in Slings
  2256 | D:4      | Noticed Purgy
  2276 | D:4      | Slain by Purgy

Levels and vault maps discovered:
D:1:      lightli_iron_boxes, layout_basic, minmay_circled_x
D:2:      layout_rooms, lemuel_round_altar, uniq_robin
D:3:      layout_rooms, kennysheep_generic_room_3
D:4:      layout_basic, minitemple, temple_pool_b, uniq_sigmund, uniq_purgy,
          uniq_menkaure, uniq_grinder, uniq_duvessa

Skill      XL: |  1  2  3  4  5 |
---------------+----------------+-----
Dodging        | 2 |  2.4
Slings         | 2 3 4 |  4.2
Fighting       | 2 |  2.3
Stealth        | |  0.5
Unarmed Combat | |  0.1
Spellcasting   | |  1.0
Hexes          | |  3.3

Action                   |  1- 3 |  4- 6 || total
-------------------------+-------+-------++-------
Melee: Unarmed           |     2 |       ||     2
 Fire: Hunting sling     |   103 |   131 ||   234
  Eat: Chunk             |       |     3 ||     3
Armor: Robe              |    10 |     4 ||    14
       Animal skin       |       |    18 ||    18
Dodge: Dodged            |    27 |    47 ||    74

Table legend:
 A = Non-vault XP
 B = Vault XP
 C = Vault XP percentage of total XP
 D = Non-vault monster count
 E = Vault monster count
 F = Vault count percentage of total count
                 A         B        C        D         E       F
            +---------+---------+-------+---------+---------+-------
      Total |     262 |      42 |  13.8 |      64 |      15 |  19.0
            +---------+---------+-------+---------+---------+-------
        D:1 |      22 |       7 |  24.1 |      13 |       4 |  23.5
        D:2 |      61 |      35 |  36.5 |      18 |      11 |  37.9
        D:3 |     177 |       0 |   0.0 |      32 |       0 |   0.0
        D:4 |       2 |       0 |   0.0 |       1 |       0 |   0.0
            +---------+---------+-------+---------+---------+-------
